 Dungeon Crawl Stone Soup version 0.17-a0-1719-g1afd5a1 (webtiles) character file.

1061 shakdrar the Martial Artist (level 8, -4/64 HPs)
             Began as a Demonspawn Monk on Aug 28, 2015.
             Slain by a two-headed ogre
             ... wielding a +0 giant club
              (5 damage)
             ... on level 5 of the Dungeon.
             The game lasted 00:22:46 (6146 turns).

shakdrar the Martial Artist (Demonspawn Monk)       Turns: 6146, Time: 00:22:46

Health: -4/64      AC:  7    Str: 13    XL:     8   Next: 6%
Magic:  8/8        EV: 13    Int: 11    God:
Gold:   498        SH:  0    Dex: 17    Spells: 1 memorised, 5 levels left

rFire  . . .     SeeInvis .       - Unarmed
rCold  . . .     Clarity  .     l - +0 robe
rNeg   . . .     SustAt   .     (no shield)
rPois  .         Gourm    .     (no helmet)
rElec  .         Spirit   .     j - +0 cloak
rCorr  .         Warding  .     h - +0 pair of gloves
rMut   .         Stasis   .     (no boots)
MR     .....                    (no amulet)
Stlth  +++.......               (no ring)
                                (no ring)

@: not resistant to hostile enchantments, fairly stealthy
A: thin metallic scales 2, nightstalker 1, spiny 3
a: no special abilities


You were on level 5 of the Dungeon.
You were not hungry.

You visited 1 branch of the dungeon, and saw 5 of its levels.
You also visited: Sewer and Ossuary.

You collected 498 gold pieces.

Inventory:

Hand weapons
 i - a +0 blowgun
Missiles
 n - 21 poisoned needles
 o - 4 curare-tipped needles
Armour
 a - a +0 robe
 h - a +0 pair of gloves (worn)
 j - a +0 cloak (worn)
 l - a +0 robe (worn)
Jewellery
 k - an uncursed ring of protection from cold
Magical devices
 b - a wand of invisibility (4)
Scrolls
 c - a scroll of identify
 d - 2 scrolls of remove curse
 m - 3 scrolls of teleportation
Potions
 e - 3 potions of heal wounds
 f - a potion of haste
 p - 4 potions of flight
 q - 4 potions of brilliance
 r - a potion of might
 t - a potion of berserk rage
 u - 2 potions of curing
 v - 2 potions of resistance
 x - a potion of mutation
 z - 2 potions of magic
Books
 g - a book of Maledictions

   Spells                             Type                      Level
   a - Corona                         Hexes                        1
   b - Ensorcelled Hibernation        Hexes/Ice                    2
   c - Confuse                        Hexes                        3
   d - Tukima's Dance                 Hexes                        3
   e - Dazzling Spray                 Conjuration/Hexes            3


   Skills:
 - Level 6.0 Fighting
 + Level 2.6 Dodging
 - Level 1.7 Stealth
 - Level 8.1 Unarmed Combat


You had 5 spell levels left.
You knew the following spells:

 Your Spells              Type           Power        Failure   Level  Hunger
a - Ensorcelled Hibernat  Hex/Ice        #.....       56%         2    ###....


Dungeon Overview and Level Annotations

Branches:
Dungeon (5/15)
 Temple: D:4-7

Altars:
Cheibriados
Fedhas


Innate Abilities, Weirdness & Mutations

You are mostly covered in thin metallic scales (AC +3).
You are slightly more attuned to the shadows.
You are completely covered in sharp spines.


Message History

The two-headed ogre hits you with a giant club!
You barely miss the two-headed ogre.
The two-headed ogre is moderately wounded.
The two-headed ogre barely misses you.
The two-headed ogre hits you with a giant club!
You hit the two-headed ogre.
The two-headed ogre is heavily wounded.
You punch the two-headed ogre!
The two-headed ogre is almost dead.
The two-headed ogre closely misses you.
The two-headed ogre hits you with a giant club!!
* * * LOW HITPOINT WARNING * * *
You hear a shout!
You aren't carrying any food.
Drink which item? (? for menu, Esc to quit)
You feel much better.
The two-headed ogre hits you with a giant club!!
* * * LOW HITPOINT WARNING * * *
The two-headed ogre hits you with a giant club.
You die...

#.....#.# #.<..<#.#
#....... #.....#
#.....# #$ ..#..<..#
#.##S#.###.# #....#
#...# ##....#+##@##
.# .........O.# .#
(..........# .#
...........####.#
................#
..........[....######
.........(.....'.....
...............#####.
...............#


You could see a two-headed ogre.

Vanquished Creatures
  An orc warrior (D:4)
  The ghost of George the Slasher, an average MiGl of Okawaru (Sewer)
  An ogre (D:4)
  2 big kobolds (Sewer)
  A scorpion (D:4)
  An orc priest (D:3)
  2 hounds (D:4)
  An orc wizard (D:4)
  A worker ant (D:4)
  A hound skeleton (D:4)
  8 mummies (Ossuary)
  7 adders
  6 gnolls
  8 river rats
  An ooze (Sewer)
  2 worms
  A giant gecko (D:4)
  14 orcs
  9 giant cockroaches
  A gnoll zombie (Ossuary)
  10 hobgoblins
  A quokka (D:3)
  8 ball pythons
  8 bats
  5 giant newts
  7 goblins
  4 hobgoblin zombies (Ossuary)
  4 jackals (D:2)
  27 kobolds
  A kobold zombie (Ossuary)
  2 orc zombies (Ossuary)
  33 rats
179 creatures vanquished.

Notes
Turn   | Place    | Note
--------------------------------------------------------------
     0 | D:1      | shakdrar the Demonspawn Monk began the quest for the Orb.
     0 | D:1      | Reached XP level 1. HP: 18/18 MP: 1/1
   327 | D:1      | Gained mutation: You are partially covered in sharp spines. [demonic ancestry]
   327 | D:1      | Reached XP level 2. HP: 9/24 MP: 2/2
  1007 | D:1      | Reached skill level 4 in Unarmed Combat
  1028 | D:1      | Gained mutation: You are mostly covered in sharp spines. [demonic ancestry]
  1028 | D:1      | Reached XP level 3. HP: 27/30 MP: 3/3
  1504 | D:2      | Learned a level 2 spell: Ensorcelled Hibernation
  2315 | D:3      | Found a glowing drain.
  2338 | D:3      | Gained mutation: You are slightly more attuned to the shadows. [demonic ancestry]
  2338 | D:3      | Reached XP level 4. HP: 29/37 MP: 4/4
  2533 | Sewer    | Entered a sewer
  2626 | Sewer    | Noticed a big kobold
  2636 | Sewer    | Killed a big kobold
  2636 | Sewer    | Reached skill level 5 in Unarmed Combat
  2636 | Sewer    | Gained mutation: You are completely covered in sharp spines. [demonic ancestry]
  2636 | Sewer    | Reached XP level 5. HP: 33/43 MP: 5/5
  2937 | Sewer    | Reached skill level 5 in Fighting
  2948 | Sewer    | Noticed a big kobold
  2963 | Sewer    | Noticed George's ghost (average MiGl)
  2964 | Sewer    | Killed a big kobold
  2964 | Sewer    | Gained mutation: You are partially covered in thin metallic scales (AC +2). [demonic ancestry]
  2964 | Sewer    | Reached XP level 6. HP: 38/51 MP: 6/6
  2989 | Sewer    | Killed George's ghost
  3760 | D:3      | Reached skill level 6 in Fighting
  4095 | D:3      | Reached XP level 7. HP: 24/58 MP: 7/7
  4875 | D:4      | HP: 1/58 [orc warrior/quarterstaff (19)]
  4883 | D:4      | Reached skill level 7 in Unarmed Combat
  4953 | D:4      | Found a sand-covered staircase.
  4961 | Ossuary  | Entered an ossuary
  5455 | D:4      | Found a snail-covered altar of Cheibriados.
  5673 | D:4      | Found a blossoming altar of Fedhas.
  5713 | D:4      | Reached skill level 8 in Unarmed Combat
  5713 | D:4      | Gained mutation: You are mostly covered in thin metallic scales (AC +3). [demonic ancestry]
  5713 | D:4      | Reached XP level 8. HP: 64/64 MP: 8/8
  6109 | D:5      | Entered Level 5 of the Dungeon
  6130 | D:5      | Noticed a two-headed ogre
  6145 | D:5      | HP: 1/64 [two-headed ogre/giant club (24)]
  6146 | D:5      | Slain by a two-headed ogre

Vault maps used:
D:1:      matt_arrival_spirals, kennysheep_small_spiral, wad_floor_pattern_1
D:2:      first_bread, serial_forest, infiniplex_forest_lined_corner,
          infiniplex_forest_clump_double, infiniplex_forest_clump_double,
          infiniplex_forest_end_3, infiniplex_forest_straight_1,
          infiniplex_forest_corner_1, infiniplex_forest_end_3,
          infiniplex_forest_clump_diagonal, infiniplex_forest_corner_2,
          infiniplex_forest_3_way, kennysheep_generic_room_9
D:3:      portal_sewer_entry_c
D:4:      kennysheep_mini, nicolae_overflow_crystal_walls,
          lightli_ossuary_entry_decrepit_ruins
D:5:      serial_shops, nicolae_shop_behind_doors
Sewer:    sewer_minmay_treatment
Ossuary:  ossuary_tomb_3

Action                   |  1- 3 |  4- 6 |  7- 9 || total
-------------------------+-------+-------+-------++-------
Melee: Unarmed           |    91 |   117 |   101 ||   309
  Use: Scroll            |     8 |     2 |     7 ||    17
       Potion            |     3 |     6 |     4 ||    13
 Stab: Sleeping          |     6 |     3 |    12 ||    21
  Eat: Bread ration      |     1 |     1 |     1 ||     3
       Pizza             |       |     1 |       ||     1
       Chunk             |       |     1 |       ||     1
       Meat ration       |       |       |     1 ||     1
